 Dungeon Crawl Stone Soup version 0.29-a0-472-ge5599a681e (webtiles) character file.

Game seed: 9656612216251600592

622 loir the Magician (level 7, -1/52 HPs)
             Began as a Djinni Fire Elementalist on May 22, 2022.
             Shot with an arrow by a centaur (8 damage)
             ... on level 5 of the Dungeon on May 23, 2022.
             The game lasted 00:21:36 (4818 turns).

loir the Magician (Djinni Fire Elementalist)        Turns: 4818, Time: 00:21:37

Health: -1/52      AC:  7    Str:  7    XL:     7   Next: 75%
Gold:   286        EV: 16    Int: 18    God:
                   SH:  0    Dex: 14

rFire   + + .      SeeInvis .   (no weapon)
rCold   x . .      Faith    .   (no shield)
rNeg    + . .      Spirit   .   a - +0 robe
rPois   ∞          Reflect  .   (no helmet)
rElec   .          Harm     .   r - scarf {repulsion}
rCorr   .          Rampage  .   p - +0 pair of gloves
Will    .....                   (boots unavailable)
Stlth   ++........              (no amulet)
HPRegen 0.17/turn               i - +4 ring of protection
MPRegen 0.00/turn               s - ring "Suanibasu" {rPois rN+ EV+4}

@: flying, repel missiles
A: sickness immunity, fire resistance 2, cold vulnerability 1, float, innate
caster, HP casting, extra vitality 1
a: no special abilities


You were on level 5 of the Dungeon.
You visited 1 branch of the dungeon, and saw 5 of its levels.

You collected 286 gold pieces.

Inventory:

Missiles
 e - 198 stones
 j - 6 atropa-tipped darts
 o - 7 poisoned darts
Armour
 a - a +0 robe (worn)
 p - a +0 pair of gloves (worn)
 r - a scarf of repulsion (worn)
Jewellery
 f - a ring of positive energy
 i - a +4 ring of protection (left hand)
 s - the ring "Suanibasu" (right hand) {rPois rN+ EV+4}
   (You found it on level 3 of the Dungeon)

   [ring of evasion]

   EV:        It affects your evasion (+4).
   rPois:     It protects you from poison.
   rN:        It protects you from negative energy.
Scrolls
 n - 2 scrolls of teleportation
Potions
 b - 2 potions of lignification
 c - a potion of mutation
 d - a potion of brilliance {unknown}
 g - 4 potions of might
 h - 2 potions of haste {unknown}
 k - a potion of ambrosia {unknown}
 l - 2 potions of flight {unknown}
 m - a potion of degeneration {unknown}
 q - 3 potions of heal wounds
 t - a potion of curing {unknown}
 u - 2 potions of resistance {unknown}
 v - a potion of invisibility {unknown}


   Skills:
 + Level 4.2 Fighting
 - Level 2.1 Dodging
 - Level 1.5 Stealth
 * Level 5.4 Spellcasting


You couldn't memorise any spells.
You knew the following spells:

 Your Spells              Type           Power      Damage    Failure   Level
a - Foxfire               Conj/Fire      96%        2x1d8     1%          1
b - Scorch                Fire           48%        2d7       1%          2
c - Conjure Flame         Conj/Fire      24%        6-21      4%          3
d - Inner Flame           Hex/Fire       24%        N/A       4%          3
e - Flame Wave            Conj/Fire      24%        2d7       13%         4
f - Necrotize             Necr           96%        1d8       1%          1
g - Wereblood             Tmut           24%        N/A       1%          2
h - Frozen Ramparts       Ice            48%        1d6       4%          3
Your spell library was empty.

Dungeon Overview and Level Annotations

Branches:
Dungeon (5/15)
 Temple: D:4-7

Altars:
Vehumet
Xom


Innate Abilities, Weirdness & Mutations

You are immune to sickness and miasma.
You are immune to poison.
Your flesh is very heat resistant. (rF++)
You are vulnerable to cold. (rC-)
You float through the air rather than walking.
You learn spells naturally, not from books.
Your magical power is your life essence.
You have superior vitality. (+4 MHP)


Message History

Casting: Foxfire (safe; 1% risk of failure)
Press: ? - help, Q - select action, (/) - cycle Dir - look around, f - activate You conjure some foxfire!
The foxfire hits the yak but does no damage.
The foxfire hits the centaur!
The centaur is moderately wounded.
The foxfire hits the yak but does no damage.
The foxfire hits the yak.
The yak is lightly wounded.
The foxfire hits the yak but does no damage.
The yak is lightly wounded.
The foxfire hits the yak but does no damage.
The yak is lightly wounded.
Your magical contamination has completely faded away.
Casting: Foxfire (safe; 1% risk of failure)
Confirm with . or Enter, or press ? or * to list all spells.
The fire begins to smoulder!
The centaur shoots an arrow.
The arrow hits you.
The centaur shoots an arrow.
The arrow is repelled.
You hear a bellow!
The centaur shoots an arrow.
The arrow closely misses you.
The fire ignites!
The centaur shoots an arrow.
The arrow completely misses you.
A yak comes into view.
The centaur shoots an arrow.
The arrow completely misses you.
The centaur shoots an arrow.
The arrow closely misses you.
The centaur shoots an arrow.
The arrow barely misses you.
You see here an adder corpse.
You see here an iguana corpse.
The centaur shoots an arrow.
The arrow hits you!
You see here an adder corpse.
Casting: Conjure Flame (dangerous; 4% risk of failure)
Confirm with . or Enter, or press ? or * to list all spells.
The fire begins to smoulder!
The centaur shoots an arrow.
The arrow hits you.
* * * LOW HITPOINT WARNING * * *
The centaur shoots an arrow.
The arrow barely misses you.
The fire ignites!
The centaur shoots an arrow.
The arrow closely misses you.
The centaur shoots an arrow.
The arrow hits you!
* * * LOW HITPOINT WARNING * * *
The centaur shoots an arrow.
The arrow hits you!
You die...

###### #####
.....########################..>.
.....#...............†§c....#....
.....#................#.....#....
.....'................#......Y...
.....#.....###'###....#.....#cY..
.....#.....##...##....#.....#....
#'###########...@.....#.....#....
....# ........####'########....
....# ........# ### ..... ....#
........# ..... ....# ........#
.... #.<.# ######### #...# #...#
#...#


You could see a centaur.

Vanquished Creatures
  2 ogres
  A bullfrog (D:4)
  A scorpion (D:4)
  2 jellies (D:5)
  2 howler monkeys
  2 iguanas (D:5)
  An orc wizard (D:4)
  3 adders
  An ufetubus (D:5)
  3 dart slugs
  8 orcs
  6 endoplasms
  2 giant cockroaches
  5 goblins
  8 hobgoblins
  2 jackals (D:3)
  2 quokkas (D:1)
  8 ball pythons
  4 bats (D:1)
  3 frilled lizards (D:1)
  4 kobolds
  3 rats
73 creatures vanquished.

Vanquished Creatures (others)
  225 foxfires
225 creatures vanquished.

Grand Total: 298 creatures vanquished

Notes
Turn   | Place    | Note
-------+----------+-------------------------------------------
     0 | D:1      | loir the Djinni Fire Elementalist began the quest for the
                  | Orb.
     0 | D:1      | Reached XP level 1. HP: 15/15 MP: 0/0
    36 | D:1      | You are sucked into a shaft and drop 1 floor!
   382 | D:1      | Reached XP level 2. HP: 21/22 MP: 0/0
   672 | D:1      | Reached skill level 1 in Fighting
   919 | D:1      | Reached XP level 3. HP: 25/27 MP: 0/0
   919 | D:1      | Learned a level 1 spell: Necrotize
   970 | D:1      | Reached skill level 3 in Spellcasting
  1613 | D:1      | Found a faded altar of an unknown god.
  2316 | D:3      | Reached XP level 4. HP: 27/32 MP: 0/0
  2455 | D:3      | Found a shimmering altar of Xom.
  2868 | D:3      | Identified the ring "Suanibasu" {rPois rN+ EV+4}
  3351 | D:4      | Noticed a scorpion
  3356 | D:4      | Killed a scorpion
  3357 | D:4      | Reached XP level 5. HP: 27/39 MP: 0/0
  3357 | D:4      | Learned a level 2 spell: Wereblood
  3637 | D:4      | Reached skill level 4 in Spellcasting
  3914 | D:4      | Reached XP level 6. HP: 44/45 MP: 0/0
  3926 | D:4      | Noticed an ogre
  3934 | D:4      | Killed an ogre
  4020 | D:4      | Reached XP level 7. HP: 36/50 MP: 0/0
  4020 | D:4      | Learned a level 3 spell: Frozen Ramparts
  4260 | D:5      | Entered Level 5 of the Dungeon
  4476 | D:5      | Reached skill level 5 in Spellcasting
  4795 | D:5      | Noticed a yak
  4801 | D:5      | Noticed a yak
  4818 | D:5      | Shot with an arrow by a centaur

Illustrated notes

Levels and vault maps discovered:
D:1:      saegor_arrival_simple_d, layout_basic,
          dilly_ecumenical_altar_fadedgnrine
D:2:      layout_basic
D:3:      layout_basic, lemuel_tele_altar, grunt_decor_fettered
D:4:      layout_loops_ring
D:5:      layout_gridville, mainiacjoe_overflow_alcove_2, vehumet_crystals,
          lemuel_coloured_pillars_altar

Skill      XL: |  1  2  3  4  5  6  7 |
---------------+----------------------+-----
Fighting       | 1 2 3 4 |  4.2
Spellcasting   | 3 4 5 |  5.4
Dodging        | |  2.1
Stealth        | |  1.5

Action                   |  1- 3 |  4- 6 |  7- 9 || total
-------------------------+-------+-------+-------++-------
 Cast: Foxfire           |    57 |    59 |    25 ||   141
       Scorch            |     7 |    15 |    12 ||    34
       Conjure Flame     |       |       |     2 ||     2
  Use: Scroll            |     6 |     2 |       ||     8
Armor: Robe              |     1 |     1 |     1 ||     3
Dodge: Dodged            |     3 |       |     8 ||    11
       Repelled          |       |       |     1 ||     1

Table legend: (Time is in decaauts)
 A = Elapsed time spent in this place.
 B = Non-inter-level travel time spent in this place.
 C = Inter-level travel time spent in this place.
 D = Time resting spent in this place.
 E = Time spent auto-exploring this place.
 F = Levels seen in this place.
 G = Mean time per level.
                   A        B        C        D        E       F      G
               +--------+--------+--------+--------+--------+-----+--------+
         Total |   4815 |   4702 |    113 |    114 |   4122 |   5 |  963.0 |
       Dungeon |   4815 |   4702 |    113 |    114 |   4122 |   5 |  963.0 |
               +--------+--------+--------+--------+--------+-----+--------+

Top non-repeatable levels by time:
     D:1: 1630 daAuts
     D:3: 1052 daAuts
     D:4: 956 daAuts
     D:2: 618 daAuts
     D:5: 557 daAuts
